[Event "Titled Tuesday Blitz April 19 Early 2022"]
[White "Pinheiro, Iung Alicio de O."]
[Black "Winkels, Marcel"]
[WhiteFideId "2104350"]
[BlackFideId "1003887"]
[WhiteElo "2561"]
[BlackElo "1900"]
[Result "1-0"]
[Round "01"]
[TimeControl "180+1"]
[Date "2022.04.19"]
[WhiteClock "0:00:24"]
[BlackClock "0:00:01"]

1. c4 e5 2. g3 Nf6 3. Bg2 c6 4. d4 exd4 5. Qxd4 Be7 6. Nf3 O-O 7. O-O d5 8. cxd5 cxd5 9. Rd1 Nc6 10. Qa4 Be6 11. Nc3 a6 12. Be3 b5 13. Qc2 Qd7 14. Nd4 Rac8 15. Nxc6 Rxc6 16. a3 Rfc8 17. Qd2 b4 18. axb4 Bxb4 19. Bd4 Ne8 20. Qd3 Bxc3 21. Bxc3 Nc7 22. e4 Rd6 23. Be5 Rb6 24. exd5 Bf5 25. Qd4 Rb5 26. Bxg7 Rd8 27. Bh6 Ne8 28. Re1 f6 29. Rxa6 Rb7 30. h4 Bg6 31. Bf3 Qf5 32. Kg2 1-0


[Site "https://www.chess.com"]

[Event "Titled Tuesday Blitz April 19 Early 2022"]
[White "Pires, Marcos Vinicius Torsani"]
[Black "Vignesh, N R"]
[WhiteFideId "2118939"]
[BlackFideId "25012215"]
[WhiteElo "2273"]
[BlackElo "2363"]
[Result "0-1"]
[Round "01"]
[TimeControl "180+1"]
[Date "2022.04.19"]
[WhiteClock "0:00:20"]
[BlackClock "0:01:21"]

1. d4 Nf6 2. Bf4 g6 3. e3 Bg7 4. Nf3 O-O 5. Be2 b6 6. O-O Bb7 7. c4 d6 8. h3 Nbd7 9. Nc3 Re8 10. Bh2 e5 11. Qc2 exd4 12. exd4 Ne4 13. Rad1 Nxc3 14. bxc3 Qe7 15. Rfe1 Bxf3 16. gxf3 Qg5+ 17. Kh1 Qh5 18. Bf1 Re6 19. Rxe6 fxe6 20. Bg2 Rf8 21. Qe4 e5 22. Qg4 Qf5 23. Qxf5 Rxf5 24. Kg1 Bh6 25. Kf1 Bf4 26. Bg3 Nf6 27. h4 Nh5 28. Bh3 Rf8 29. Kg2 Kg7 30. Bg4 Nf6 31. Bxf4 exf4 32. Re1 Re8 33. Rxe8 Nxe8 34. Kf1 c5 35. Ke2 h5 36. Bh3 Nf6 37. Kd3 Kh6 38. a4 g5 39. hxg5+ Kxg5 40. Ke2 Kg6 41. Bc8 Nh7 42. Bb7 Ng5 43. Kf1 cxd4 44. cxd4 Ne6 45. d5 Nc5 46. Bc6 Kf6 47. Kg2 Ke5 48. Kh3 Kd4 49. Kh4 Kxc4 50. Kxh5 Kd4 51. Kg5 Ke5 52. Bb5 a6 53. Be2 Nxa4 54. Bxa6 Nc3 55. Bc4 b5 56. Bb3 b4 57. Kg4 Nb5 58. Bc4 Nd4 59. Bb3 Nxb3 0-1


[Site "https://www.chess.com"]

[Event "Titled Tuesday Blitz April 19 Early 2022"]
[White "Plazuelo Pascual, Juan"]
[Black "Nugumanov, Bakhtiyar"]
[WhiteFideId "32059566"]
[BlackFideId "13701797"]
[WhiteElo "2359"]
[BlackElo "2262"]
[Result "1-0"]
[Round "01"]
[TimeControl "180+1"]
[Date "2022.04.19"]
[WhiteClock "0:01:27"]
[BlackClock "0:00:00"]

1. d4 d5 2. c4 e6 3. Nc3 Nf6 4. Bg5 Be7 5. e3 O-O 6. Nf3 Nbd7 7. cxd5 Nxd5 8. Bxe7 Qxe7 9. Bd3 c5 10. Nxd5 exd5 11. dxc5 Nxc5 12. O-O Bg4 13. Be2 Bxf3 14. Bxf3 Rfd8 15. Rc1 Ne4 16. Qd4 h6 17. Rfd1 Kh7 18. g3 Nf6 19. Qf4 Rd6 20. Rd2 Rad8 21. Rcd1 Qe6 22. h4 g6 23. a3 Kg7 24. Kg2 b6 25. Qd4 R8d7 26. Rc1 Kh7 27. Rdc2 1-0


[Site "https://www.chess.com"]

[Event "Titled Tuesday Blitz April 19 Early 2022"]
[White "Polster, Christian"]
[Black "Karolczuk, Iwo"]
[WhiteFideId "12965081"]
[BlackFideId "21816972"]
[WhiteElo "2315"]
[BlackElo "2277"]
[Result "0-1"]
[Round "01"]
[TimeControl "180+1"]
[Date "2022.04.19"]
[WhiteClock "0:00:06"]
[BlackClock "0:00:12"]

1. e4 c5 2. Nf3 d6 3. d4 cxd4 4. Nxd4 Nf6 5. Nc3 a6 6. Bg5 Nbd7 7. f4 Qc7 8. Qe2 e5 9. Nf5 h6 10. Bxf6 Nxf6 11. O-O-O Bxf5 12. exf5 Be7 13. g4 exf4 14. Bg2 O-O 15. h4 Rfe8 16. g5 Bf8 17. Qf3 Nd7 18. gxh6 d5 19. Nxd5 Qc4 20. hxg7 Bxg7 21. Qg4 Rac8 22. c3 Ne5 23. Qxf4 Qxf4+ 24. Nxf4 Bh6 25. Rhf1 Rc4 26. Rd4 Rxd4 27. cxd4 Nd3+ 28. Kb1 Nxf4 29. Bxb7 a5 30. d5 Rd8 31. a3 Nxd5 32. Bxd5 Rxd5 33. b4 axb4 34. axb4 Rb5 35. Kc2 Rxb4 36. Kd3 Rxh4 37. Rg1+ Kf8 38. Rf1 Rf4 39. Rh1 Kg7 40. Rh5 Rg4 41. Ke2 Rg5 42. Rh3 Rxf5 43. Ke1 Rg5 44. Ke2 Kg6 45. Rd3 Bg7 46. Rf3 Re5+ 47. Kf1 Rf5 48. Rxf5 Kxf5 0-1


[Site "https://www.chess.com"]

[Event "Titled Tuesday Blitz April 19 Early 2022"]
[White "Popadic, Dragan"]
[Black "Pakleza, Zbigniew"]
[WhiteFideId "913650"]
[BlackFideId "1119290"]
[WhiteElo "2203"]
[BlackElo "2467"]
[Result "0-1"]
[Round "01"]
[TimeControl "180+1"]
[Date "2022.04.19"]
[WhiteClock "0:00:02"]
[BlackClock "0:00:11"]

1. e4 d6 2. Nc3 Nf6 3. f4 d5 4. e5 d4 5. exf6 dxc3 6. bxc3 exf6 7. d4 Bd6 8. Nf3 O-O 9. Be2 b6 10. O-O Bb7 11. Bd3 Re8 12. Bd2 Nc6 13. Re1 Ne7 14. Qe2 Qd7 15. Qf2 Ng6 16. Nh4 Qa4 17. Nf5 Bf8 18. h3 Rxe1+ 19. Bxe1 Re8 20. Bd2 Bd5 21. Qf1 c6 22. c4 Be4 23. Ng3 Bxd3 24. Qxd3 Nh4 25. Qb3 Qa6 26. Qd3 Rd8 27. Kh2 Qa4 28. Be3 b5 29. cxb5 cxb5 30. Qb3 Qa5 31. a4 a6 32. Ra2 b4 33. Ra1 Rc8 34. Bd2 Ng6 35. Rb1 h5 36. f5 h4 37. fxg6 hxg3+ 38. Kxg3 Qc7+ 39. Kf2 a5 0-1


[Site "https://www.chess.com"]

[Event "Titled Tuesday Blitz April 19 Early 2022"]
[White "Pranav, V"]
[Black "Petrovic, Aleksa"]
[WhiteFideId "25060783"]
[BlackFideId "967629"]
[WhiteElo "2349"]
[BlackElo "2198"]
[Result "1-0"]
[Round "01"]
[TimeControl "180+1"]
[Date "2022.04.19"]
[WhiteClock "0:02:19"]
[BlackClock "0:00:21"]

1. e4 c5 2. Nf3 e6 3. b3 b6 4. Bb2 Bb7 5. Nc3 d6 6. d4 cxd4 7. Nxd4 a6 8. g3 Nd7 9. Bg2 Ne7 10. O-O Nc8 11. Qg4 Nf6 12. Qe2 Qc7 13. Rad1 Be7 14. Rfe1 Nd7 15. Nd5 exd5 16. Nf5 d4 17. Nxg7+ Kd8 18. Bxd4 Rg8 19. Nf5 Bf8 20. Qh5 Nc5 21. Qxh7 Rg6 22. Qh8 Ne6 23. Bg7 Ke8 24. Bxf8 Nxf8 25. e5 d5 26. Nd6+ Ke7 27. Nxb7 Qxb7 28. Bxd5 Qb8 29. Qh4+ Ke8 30. Bc6+ 1-0


[Site "https://www.chess.com"]

[Event "Titled Tuesday Blitz April 19 Early 2022"]
[White "Quirke, Jeffrey"]
[Black "Sydoryka, Vladyslav"]
[WhiteFideId "2013029"]
[BlackFideId "14145928"]
[WhiteElo "2178"]
[BlackElo "2283"]
[Result "1-0"]
[Round "01"]
[TimeControl "180+1"]
[Date "2022.04.19"]
[WhiteClock "0:00:06"]
[BlackClock "0:00:01"]

1. d4 Nf6 2. c4 c5 3. d5 b5 4. Qc2 e6 5. e4 bxc4 6. Nc3 exd5 7. e5 Qe7 8. Qe2 d4 9. exf6 Qxe2+ 10. Ncxe2 d5 11. Nf4 Be6 12. g3 Nd7 13. fxg7 Bxg7 14. Bg2 Nb6 15. Ngh3 h6 16. Nxe6 fxe6 17. Nf4 Kd7 18. O-O Kd6 19. Re1 e5 20. Ng6 Rhe8 21. f4 e4 22. Nh4 d3 23. Nf5+ Kc6 24. Nxg7 Rf8 25. Rxe4 dxe4 26. Bxe4+ Kb5 27. Bxa8 Rxa8 28. Bd2 Rg8 29. Nf5 Nd5 30. Nd6+ Kc6 31. Nxc4 Re8 32. Ne5+ Kb6 33. Rc1 Nc7 34. Nxd3 1-0


[Site "https://www.chess.com"]

[Event "Titled Tuesday Blitz April 19 Early 2022"]
[White "Redor, Menandro"]
[Black "Vlassov, Nikolai"]
[WhiteFideId "5222010"]
[BlackFideId "4103360"]
[WhiteElo "1986"]
[BlackElo "2407"]
[Result "0-1"]
[Round "01"]
[TimeControl "180+1"]
[Date "2022.04.19"]
[WhiteClock "0:00:16"]
[BlackClock "0:00:43"]

1. c3 Nf6 2. d4 Nc6 3. Bf4 d6 4. Nd2 Bf5 5. e3 e5 6. Bg3 h5 7. h4 Be7 8. d5 Nxd5 9. e4 Bg4 10. Ngf3 Nb6 11. Be2 Qd7 12. a4 a5 13. Bb5 O-O 14. Qb3 Qe6 15. Qc2 f5 16. Ng5 Bxg5 17. hxg5 f4 18. Bh4 Qg6 19. f3 Be6 20. O-O-O Rad8 21. Rh2 d5 22. exd5 Qxc2+ 23. Kxc2 Nxd5 24. Bxc6 Ne3+ 25. Kc1 Nxd1 26. Bxb7 Ne3 27. g6 Rxd2 28. Be7 Rd1# 0-1


[Site "https://www.chess.com"]

[Event "Titled Tuesday Blitz April 19 Early 2022"]
[White "Reprintsev, Alexander"]
[Black "Petrosyan, Manuel"]
[WhiteFideId "14100541"]
[BlackFideId "13300857"]
[WhiteElo "2108"]
[BlackElo "2592"]
[Result "0-1"]
[Round "01"]
[TimeControl "180+1"]
[Date "2022.04.19"]
[WhiteClock "0:00:03"]
[BlackClock "0:00:45"]

1. e4 c6 2. Nc3 d5 3. Nf3 Bg4 4. h3 Bxf3 5. Qxf3 e6 6. b3 g6 7. Bd3 Nd7 8. Qg3 Nc5 9. O-O Bg7 10. Ba3 Nxd3 11. cxd3 Ne7 12. exd5 cxd5 13. Rae1 O-O 14. Bxe7 Qxe7 15. Nxd5 Qd7 16. Nf4 Rfd8 17. Re3 Rac8 18. Rd1 Rc2 19. a4 Rb2 20. d4 Bxd4 21. Rd3 e5 22. Ne2 Bxf2+ 23. Kxf2 Qxd3 24. Qxe5 Rxd2 25. Rxd2 Qxd2 26. Qb5 b6 27. Qc4 Qd5 28. Qa6 Qc5+ 29. Kf3 Re8 30. Qd3 h5 31. g4 h4 32. Nf4 Qg1 0-1


[Site "https://www.chess.com"]

[Event "Titled Tuesday Blitz April 19 Early 2022"]
[White "Rodchenkov, Vitaly"]
[Black "Ambartsumova, Karina"]
[WhiteFideId "4152964"]
[BlackFideId "4166299"]
[WhiteElo "2337"]
[BlackElo "2262"]
[Result "0-1"]
[Round "01"]
[TimeControl "180+1"]
[Date "2022.04.19"]
[WhiteClock "0:00:17"]
[BlackClock "0:00:17"]

1. Nf3 Nf6 2. c4 g6 3. b4 Bg7 4. Bb2 O-O 5. e3 d6 6. Be2 c5 7. a3 b6 8. O-O Bb7 9. d3 Nbd7 10. Nbd2 Rc8 11. Qb3 d5 12. Rfc1 dxc4 13. Nxc4 Qc7 14. h3 Rfd8 15. Qc3 Qb8 16. Qb3 Bd5 17. bxc5 Nxc5 18. Qd1 Nxd3 19. Qxd3 Bxf3 20. Qc2 Be4 21. Qb3 Qb7 22. f3 Bd5 23. e4 Be6 24. Qb4 Rc5 25. Ne3 Rxc1+ 26. Rxc1 Nh5 27. Bxg7 Nxg7 28. Kf2 Ne8 29. Bc4 Rc8 30. Rd1 Bxc4 31. Nxc4 Qc7 32. Ne3 Nf6 33. Nd5 Nxd5 34. Rxd5 e6 35. Rd2 Qc5+ 36. Kg3 a5 37. Qb3 h5 38. Rb2 Rc6 39. a4 Qe5+ 40. Kf2 Qd4+ 41. Kg3 Qe5+ 42. Kf2 h4 43. Qb5 Qg3+ 44. Kg1 Rc1+ 0-1


[Site "https://www.chess.com"]

[Event "Titled Tuesday Blitz April 19 Early 2022"]
[White "Rottenwohrer Suarez, Juan"]
[Black "Samunenkov, Ihor"]
[WhiteFideId "32068182"]
[BlackFideId "14187086"]
[WhiteElo "2158"]
[BlackElo "2409"]
[Result "1-0"]
[Round "01"]
[TimeControl "180+1"]
[Date "2022.04.19"]
[WhiteClock "0:00:06"]
[BlackClock "0:00:07"]

1. d4 Nf6 2. c4 e6 3. g3 d5 4. Bg2 dxc4 5. Nf3 c6 6. O-O b5 7. Ne5 Bb7 8. a4 a6 9. b3 cxb3 10. Bb2 Nd5 11. Nd2 Nd7 12. Nxd7 Qxd7 13. Nxb3 Nb6 14. axb5 cxb5 15. Nc5 Bxc5 16. dxc5 Bxg2 17. Kxg2 Qc6+ 18. Kg1 Qxc5 19. Bxg7 Rg8 20. Bd4 Qd6 21. e3 Nc4 22. Qf3 Qd5 23. Qe2 e5 24. Bc3 Ke7 25. Rfd1 Qe6 26. Bb4+ Kf6 27. Qh5 Kg7 28. Bc3 Rad8 29. Rxd8 Rxd8 30. Qg5+ Qg6 31. Qxd8 h6 32. Qc7 Qf6 33. f4 Kh7 34. Bxe5 Nxe5 35. Qxe5 Qb6 36. Rd1 b4 37. Rd7 Qg6 38. Rd8 Qb1+ 39. Kg2 Qc2+ 40. Kh3 Qc3 41. Qxc3 bxc3 42. Rc8 Kg6 43. Rxc3 Kf5 44. Ra3 h5 45. Rxa6 Ke4 46. Rh6 1-0


[Site "https://www.chess.com"]

[Event "Titled Tuesday Blitz April 19 Early 2022"]
[White "Rustemov, Alexander"]
[Black "Sadovsky, Artem"]
[WhiteFideId "4119002"]
[BlackFideId "4155840"]
[WhiteElo "2771"]
[BlackElo "2314"]
[Result "1-0"]
[Round "01"]
[TimeControl "180+1"]
[Date "2022.04.19"]
[WhiteClock "0:01:31"]
[BlackClock "0:00:07"]

1. d4 g6 2. c4 Bg7 3. Nf3 d6 4. g3 e5 5. dxe5 dxe5 6. Qxd8+ Kxd8 7. Bg2 f6 8. O-O c6 9. Nc3 Kc7 10. b4 Be6 11. Nd2 Nd7 12. b5 Rc8 13. a4 Nh6 14. a5 a6 15. bxc6 bxc6 16. Na4 Rb8 17. c5 Rb5 18. Ne4 Nf7 19. Nb6 Nxc5 20. Nxc5 Rxc5 21. Be3 Rc3 22. Rfc1 Rxc1+ 23. Rxc1 Nd8 24. Na4 Bf8 25. Bb6+ Kb7 26. Nc5+ Bxc5 27. Bxc5 Bd5 28. e4 Bc4 29. Rxc4 Ne6 30. Be7 Re8 31. Bxf6 Nd4 32. f4 Nb3 33. Rb4+ 1-0


[Site "https://www.chess.com"]

[Event "Titled Tuesday Blitz April 19 Early 2022"]
[White "Samant Aditya S"]
[Black "Valle Maytin, Luis Enrique"]
[WhiteFideId "35080580"]
[BlackFideId "3503666"]
[WhiteElo "1916"]
[BlackElo "2310"]
[Result "1-0"]
[Round "01"]
[TimeControl "180+1"]
[Date "2022.04.19"]
[WhiteClock "0:00:23"]
[BlackClock "0:00:47"]

1. e4 c6 2. d4 d5 3. Nc3 dxe4 4. Nxe4 Nf6 5. Nxf6+ exf6 6. c3 Bd6 7. Bd3 O-O 8. Qc2 h6 9. Be3 Re8 10. Ne2 Nd7 11. O-O Nf8 12. c4 Be6 13. Nc3 Rc8 14. Rad1 Qc7 15. h3 Qd7 16. Ne4 Bxh3 17. Nxd6 Qg4 18. f3 Qg3 19. Nxe8 Rxe8 20. Qf2 Qxg2+ 21. Qxg2 Bxg2 22. Kxg2 Rxe3 23. Rfe1 Re6 24. Kf2 Rd6 25. Re8 g6 26. Be4 Kg7 27. Re7 Ne6 28. d5 Ng5 29. c5 Nxe4+ 30. fxe4 1-0


[Site "https://www.chess.com"]

[Event "Titled Tuesday Blitz April 19 Early 2022"]
[White "Samsonkin, Artiom"]
[Black "Pein, Jonathan"]
[WhiteFideId "13503111"]
[BlackFideId "417092"]
[WhiteElo "2513"]
[BlackElo "2140"]
[Result "1-0"]
[Round "01"]
[TimeControl "180+1"]
[Date "2022.04.19"]
[WhiteClock "0:01:02"]
[BlackClock "0:00:08"]

1. e4 e5 2. Nf3 d6 3. d4 exd4 4. Qxd4 Nc6 5. Bb5 Bd7 6. Bxc6 bxc6 7. Bg5 Nf6 8. e5 dxe5 9. Nxe5 Bd6 10. O-O O-O 11. Nxd7 Qxd7 12. Bxf6 gxf6 13. Qxf6 Rfe8 14. Nc3 Be5 15. Qf3 Rab8 16. Rad1 Qe7 17. b3 Kh8 18. Qxc6 Rg8 19. Qf3 c6 20. Rfe1 Qg5 21. Ne4 Qg7 22. g3 f5 23. Qxf5 Rbf8 24. Qh3 Bd4 25. Re2 Rf3 26. c3 Bb6 27. Rd7 Qg6 28. Ng5 Qb1+ 29. Kg2 Rxg5 30. Re8+ Rg8 31. Rxg8+ Kxg8 32. Qg4+ Qg6 33. Qxg6+ hxg6 34. Kxf3 1-0


[Site "https://www.chess.com"]

[Event "Titled Tuesday Blitz April 19 Early 2022"]
[White "San, Thit Lwin"]
[Black "Lewtak, Damian"]
[WhiteFideId "13001272"]
[BlackFideId "1141724"]
[WhiteElo "2232"]
[BlackElo "2362"]
[Result "0-1"]
[Round "01"]
[TimeControl "180+1"]
[Date "2022.04.19"]
[WhiteClock "0:00:04"]
[BlackClock "0:00:21"]

1. Nf3 c5 2. c4 Nc6 3. Nc3 g6 4. g3 Bg7 5. Bg2 e6 6. O-O Nge7 7. a3 O-O 8. d3 d5 9. cxd5 exd5 10. Rb1 b6 11. Bf4 d4 12. Ne4 Nd5 13. Bg5 Qd7 14. Qc1 Bb7 15. Bh6 f5 16. Bxg7 Kxg7 17. Ned2 Rfe8 18. Re1 Re7 19. Nc4 Rae8 20. Bf1 h6 21. e3 dxe3 22. Nxe3 Nf6 23. Nd2 Nd4 24. Bg2 Bxg2 25. Kxg2 Qc6+ 26. Kg1 Ng4 27. Ndc4 Nf3+ 28. Kf1 Nfxh2+ 29. Ke2 Qf3+ 30. Kd2 Qxf2+ 31. Kc3 Nf3 32. Nxg4 Qd4+ 33. Kb3 fxg4 34. Rxe7+ Rxe7 35. Qf4 Qxf4 36. gxf4 g3 37. Ne5 Rxe5 38. fxe5 g2 39. Kc4 Nd2+ 40. Kd5 Nxb1 41. Kd6 g1=Q 42. e6 Qd4+ 0-1


[Site "https://www.chess.com"]

[Event "Titled Tuesday Blitz April 19 Early 2022"]
[White "Sanchez, Robert"]
[Black "Cunha, Lucas Aguiar"]
[WhiteFideId "2034360"]
[BlackFideId "2125404"]
[WhiteElo "2386"]
[BlackElo "2361"]
[Result "0-1"]
[Round "01"]
[TimeControl "180+1"]
[Date "2022.04.19"]
[WhiteClock "0:01:18"]
[BlackClock "0:01:20"]

1. e4 c5 2. Nf3 e6 3. d4 cxd4 4. Nxd4 Nc6 5. Nc3 Qc7 6. Ndb5 Qb8 7. g3 a6 8. Nd4 Qc7 9. Bg2 Nf6 10. O-O d6 11. Nxc6 bxc6 12. Be3 Bb7 13. f4 c5 14. Qe2 Be7 15. e5 dxe5 16. fxe5 Nd7 17. Bxb7 Qxb7 18. Bf4 Qxb2 19. Ne4 Nxe5 20. Rab1 Qd4+ 21. Kh1 Ng6 22. Rbd1 Nxf4 23. gxf4 Qa4 24. f5 O-O 25. f6 Bxf6 26. Qg4 Bd4 27. c3 f5 28. Qh3 Qc6 29. cxd4 Qxe4+ 30. Kg1 cxd4 31. Rde1 Qd5 0-1


[Site "https://www.chess.com"]

[Event "Titled Tuesday Blitz April 19 Early 2022"]
[White "Sapunov, Evgeny"]
[Black "Eynullayev, Atilla"]
[WhiteFideId "4126661"]
[BlackFideId "13413570"]
[WhiteElo "2470"]
[BlackElo "1936"]
[Result "1-0"]
[Round "01"]
[TimeControl "180+1"]
[Date "2022.04.19"]
[WhiteClock "0:00:47"]
[BlackClock "0:00:08"]

1. c4 e5 2. Nf3 e4 3. Nd4 Nf6 4. g3 Bc5 5. Nc2 a5 6. Bg2 d6 7. Nc3 Bf5 8. Ne3 Bg6 9. Ned5 Nbd7 10. O-O c6 11. Nf4 Bf5 12. d3 exd3 13. Nxd3 Ba7 14. Bf4 Qe7 15. Qd2 O-O 16. Rad1 Rad8 17. b3 Ne5 18. h3 h6 19. e4 Bh7 20. Rfe1 Nh5 21. Be3 Bxe3 22. Qxe3 Nxd3 23. Rxd3 Kh8 24. Red1 f5 25. exf5 Qxe3 26. Rxe3 Nf6 27. g4 Bg8 28. Red3 Ne8 29. Ne4 a4 30. Nxd6 Nxd6 31. Rxd6 Rde8 32. Bf3 Re5 33. Kg2 b5 34. Rxc6 bxc4 35. bxc4 Rb8 36. Rd2 Kh7 37. Rc7 a3 38. Rdd7 Rb2 39. Rxg7+ Kh8 40. Rgd7 Rxa2 41. Ra7 Rc5 42. Bd5 1-0


[Site "https://www.chess.com"]

[Event "Titled Tuesday Blitz April 19 Early 2022"]
[White "Shandrygin, Nikita"]
[Black "Praggnanandhaa R"]
[WhiteFideId "24198668"]
[BlackFideId "25059530"]
[WhiteElo "2323"]
[BlackElo "2599"]
[Result "0-1"]
[Round "01"]
[TimeControl "180+1"]
[Date "2022.04.19"]
[WhiteClock "0:00:03"]
[BlackClock "0:02:32"]

1. Nf3 c6 2. g3 Qc7 3. Bg2 e5 4. d3 d5 5. O-O Nf6 6. Nbd2 Bd6 7. e4 O-O 8. Qe2 a5 9. c3 Na6 10. Rd1 a4 11. Rb1 dxe4 12. dxe4 Re8 13. Nc4 Bf8 14. Nfxe5 b5 15. Bf4 bxc4 16. Nxc4 Qb7 17. Qc2 Nc5 18. e5 Nd5 19. Be4 Nxe4 20. Qxe4 Be6 21. Qd4 Rad8 22. Nd6 Bxd6 23. exd6 Bh3 24. c4 Nxf4 25. Qxf4 c5 26. Rd5 Qxb2 27. Rbd1 Qxa2 28. d7 Rf8 29. g4 Qe2 30. f3 0-1


[Site "https://www.chess.com"]

[Event "Titled Tuesday Blitz April 19 Early 2022"]
[White "Shohat, Yotam"]
[Black "Ajay Krishna, S"]
[WhiteFideId "2813955"]
[BlackFideId "5096430"]
[WhiteElo "2119"]
[BlackElo "2247"]
[Result "1/2-1/2"]
[Round "01"]
[TimeControl "180+1"]
[Date "2022.04.19"]
[WhiteClock "0:00:04"]
[BlackClock "0:00:05"]

1. e4 c5 2. Nf3 d6 3. d4 cxd4 4. Nxd4 Nf6 5. Nc3 a6 6. Bc4 e6 7. Bb3 Nbd7 8. f4 Nc5 9. f5 Nfxe4 10. fxe6 Qh4+ 11. g3 Nxg3 12. exf7+ Kd8 13. Nf3 Qe7+ 14. Ne2 Qxe2+ 15. Qxe2 Nxe2 16. Kxe2 Nxb3 17. axb3 h6 18. Nh4 Bg4+ 19. Kf2 g5 20. Ng6 Rh7 21. Kg3 Bf5 22. Nxf8 Rxf7 23. h4 gxh4+ 24. Rxh4 Rxf8 25. Rxh6 Bxc2 26. Bf4 Rg8+ 27. Kf2 Kc7 28. Rc1 Raf8 29. Rxc2+ Kb8 30. Ke3 Ka8 31. Rxd6 Re8+ 32. Kd3 Rgf8 33. Rc4 b5 34. Rcd4 Kb7 35. Rd7+ Kb6 36. Bc7+ Kc6 37. R4d6+ Kc5 38. Rd5+ Kb4 39. Bd6+ Kxb3 40. Bxf8 Rxf8 41. Ra7 b4 42. Rxa6 Kxb2 43. Rb5 b3 44. Rab6 Rf3+ 45. Kc4 Rf4+ 46. Kd5 Rf5+ 47. Ke4 Rxb5 48. Rxb5 Kc2 49. Rc5+ Kd2 50. Rd5+ Kc2 51. Rc5+ Kd2 52. Rb5 Kc2 53. Ke3 b2 54. Rc5+ Kb3 55. Rb5+ Kc2 56. Rc5+ Kb3 57. Kd2 b1=Q 58. Rb5+ Ka2 59. Ra5+ Kb2 60. Rb5+ Ka1 61. Rxb1+ Kxb1 1/2-1/2


[Site "https://www.chess.com"]

[Event "Titled Tuesday Blitz April 19 Early 2022"]
[White "Silva Lucena, Cristian"]
[Black "Dronavalli, Harika"]
[WhiteFideId "2232588"]
[BlackFideId "5015197"]
[WhiteElo "2223"]
[BlackElo "2382"]
[Result "0-1"]
[Round "01"]
[TimeControl "180+1"]
[Date "2022.04.19"]
[WhiteClock "0:00:48"]
[BlackClock "0:01:08"]

1. e4 c5 2. Nf3 e6 3. d4 cxd4 4. Nxd4 Nc6 5. Nc3 Nf6 6. Ndb5 d6 7. Bf4 e5 8. Bg5 a6 9. Na3 Be6 10. Nc4 Rb8 11. Ne3 Be7 12. Bxf6 Bxf6 13. Ncd5 Bg5 14. c3 O-O 15. Bd3 b5 16. O-O Ne7 17. Bc2 g6 18. Bb3 Kg7 19. a4 b4 20. Bc4 bxc3 21. bxc3 a5 22. Bb5 f5 23. exf5 Nxf5 24. Nxf5+ Rxf5 25. c4 h5 26. f3 Bf4 27. Qd3 Bxd5 28. Qxd5 Qh4 29. h3 Rg5 30. Qxd6 Rxg2+ 0-1


[Site "https://www.chess.com"]

[Event "Titled Tuesday Blitz April 19 Early 2022"]
[White "Simonovic, Miroslav"]
[Black "Guz, Ari"]
[WhiteFideId "919152"]
[BlackFideId "2825759"]
[WhiteElo "2043"]
[BlackElo "1913"]
[Result "0-1"]
[Round "01"]
[TimeControl "180+1"]
[Date "2022.04.19"]
[WhiteClock "0:00:03"]
[BlackClock "0:00:39"]

1. d4 d6 2. Bg5 c6 3. h4 h6 4. Bf4 Nf6 5. e3 Qc7 6. c4 e5 7. dxe5 dxe5 8. Bh2 Bf5 9. Nc3 Nbd7 10. Bd3 Bxd3 11. Qxd3 O-O-O 12. O-O-O Bb4 13. Nge2 Kb8 14. a3 Be7 15. Qc2 Ka8 16. f3 Nc5 17. Rxd8+ Rxd8 18. Rd1 Rxd1+ 19. Qxd1 Nfd7 20. b4 Ne6 21. Nd4 Nxd4 22. exd4 Bxh4 23. dxe5 Nxe5 24. Qd4 Nd3+ 25. Qxd3 Qxh2 26. Qe2 Qf4+ 27. Kc2 Qf5+ 28. Kb3 Qd7 29. b5 Bf6 30. bxc6 bxc6 31. Ne4 Qb7+ 32. Ka2 Bd4 33. Qd2 c5 34. Nxc5 Bxc5 35. Qd8+ Qb8 36. Qd5+ Qb7 37. Qxc5 Qd7 38. Qf8+ Kb7 39. Qxg7 Qe6 0-1


[Site "https://www.chess.com"]

[Event "Titled Tuesday Blitz April 19 Early 2022"]
[White "Sjugirov, Sanan"]
[Black "Golubeva, Oksana"]
[WhiteFideId "4189302"]
[BlackFideId "4170164"]
[WhiteElo "2602"]
[BlackElo "2162"]
[Result "1-0"]
[Round "01"]
[TimeControl "180+1"]
[Date "2022.04.19"]
[WhiteClock "0:00:20"]
[BlackClock "0:00:05"]

1. e4 e6 2. d4 d5 3. e5 c5 4. c3 Nc6 5. Nf3 Qb6 6. a3 c4 7. Nbd2 Na5 8. Be2 Bd7 9. h4 f6 10. O-O O-O-O 11. Re1 Ne7 12. Bf1 h6 13. g3 f5 14. Bg2 Rg8 15. Nf1 Nb3 16. Rb1 Kb8 17. Bf4 Nc8 18. h5 Be8 19. Nh4 Ka8 20. Ne3 Bc6 21. g4 g5 22. hxg6 Be7 23. Nhxf5 Rxg6 24. Nxe7 Nxe7 25. Bg3 Rdg8 26. Qe2 Qc7 27. Kh2 Nc8 28. Rh1 Qg7 29. Kg1 Be8 30. Rh4 Ne7 31. Kh2 h5 32. Rxh5 Rxg4 33. Qxg4 Qxg4 34. Nxg4 Bxh5 35. Nf6 Rh8 36. Nxh5 Rxh5+ 37. Bh3 Nf5 38. Kg2 Nd2 39. Rh1 a6 40. Bxf5 Rxf5 41. Rh6 Ne4 42. Rxe6 Ka7 43. Re8 Kb6 44. Rd8 Kc6 45. e6 Nxg3 46. e7 1-0


[Site "https://www.chess.com"]

[Event "Titled Tuesday Blitz April 19 Early 2022"]
[White "Skliarov, Viktor"]
[Black "Esipenko, Andrey"]
[WhiteFideId "14106736"]
[BlackFideId "24175439"]
[WhiteElo "2229"]
[BlackElo "2617"]
[Result "0-1"]
[Round "01"]
[TimeControl "180+1"]
[Date "2022.04.19"]
[WhiteClock "0:00:03"]
[BlackClock "0:00:07"]

1. e4 c6 2. d4 d5 3. e5 c5 4. dxc5 e6 5. a3 Bxc5 6. b4 Be7 7. Nf3 f6 8. Bb2 fxe5 9. Nxe5 Nf6 10. Nd2 O-O 11. Ndf3 Nc6 12. Bd3 Bd7 13. O-O Bd6 14. Re1 a5 15. b5 Nxe5 16. Nxe5 Bc5 17. Rf1 Be8 18. h3 Bh5 19. Qd2 Qb6 20. g4 Be8 21. Kg2 Bxb5 22. a4 Ne4 23. Qe2 Bc6 24. Nxc6 Qxc6 25. f3 Nf6 26. Rfe1 Ne4 27. Bxe4 dxe4 28. Qxe4 Rad8 29. Bc3 Qxe4 30. Rxe4 b6 31. Rxe6 Rf4 32. Rc6 Rc4 33. Be5 Rxc2+ 34. Kh1 Rd5 35. Rc8+ Kf7 36. Rc7+ Ke6 37. Bxg7 Rdd2 38. Re1+ Kd5 39. Be5 Kc4 40. Bf4 Rf2 41. Bg3 Rxf3 42. Rg1 Kb3 43. Rxc5 bxc5 44. g5 Kxa4 45. h4 c4 46. h5 Rf5 47. Bh4 Re2 48. Rg4 Rf1+ 49. Rg1 Rxg1+ 50. Kxg1 Re4 51. Bf2 Rg4+ 52. Kf1 Rxg5 53. Be3 Rxh5 0-1


[Site "https://www.chess.com"]

[Event "Titled Tuesday Blitz April 19 Early 2022"]
[White "Skuhala, Barbara"]
[Black "Jaracz, Pawel"]
[WhiteFideId "14605465"]
[BlackFideId "1102222"]
[WhiteElo "2155"]
[BlackElo "2429"]
[Result "0-1"]
[Round "01"]
[TimeControl "180+1"]
[Date "2022.04.19"]
[WhiteClock "0:00:32"]
[BlackClock "0:00:31"]

1. e4 c5 2. Nf3 Nc6 3. Bb5 g6 4. O-O Bg7 5. c3 Nf6 6. Re1 O-O 7. Ba4 d6 8. Bc2 Bg4 9. d3 b5 10. Nbd2 b4 11. Nf1 bxc3 12. bxc3 Nd7 13. Bd2 Rb8 14. h3 Bxf3 15. Qxf3 Qa5 16. Bb3 Bxc3 17. Bxc3 Qxc3 18. Rac1 Qa5 19. h4 Nd4 20. Qh3 e6 21. h5 Nf6 22. hxg6 hxg6 23. Re3 Kg7 24. Qg3 Nxb3 25. axb3 e5 26. f4 Nh5 27. Qg4 Nxf4 28. Ng3 Rh8 29. Nf5+ Kf8 30. Nxd6 Qd2 31. Rce1 Rxb3 32. Nc4 Qc3 33. Rf1 Qd4 34. Qc8+ Kg7 35. Qc7 Rxd3 36. Re1 Rxe3 37. Nxe3 Qxe4 38. Qxc5 Nd3 39. Qc2 Qd4 40. Re2 Rh5 41. Qc4 Nf4 42. Re1 Rg5 43. Qxd4 exd4 44. Nc4 Rxg2+ 45. Kf1 Rc2 46. Ne5 d3 47. Ra1 d2 0-1


[Site "https://www.chess.com"]